 Dungeon Crawl Stone Soup version 0.29.1-2-gbd0b4ee654 (webtiles) character file.

Game seed: 3204535402241565652

5460 xian the Thaumaturge (level 10, -11/68 HPs)
             Began as a Demonspawn Ice Elementalist on Oct 27, 2022.
             Was the Champion of Uskayaw.
             Mangled by a death yak (17 damage)
             ... on level 9 of the Dungeon.
             The game lasted 00:21:13 (6835 turns).

xian the Thaumaturge (Demonspawn Ice Elementalist)  Turns: 6835, Time: 00:21:13

Health: -11/68     AC: 25    Str: 15    XL:     10   Next: 41%
Magic:  25/31      EV: 12    Int: 28    God:    Uskayaw [******]
Gold:   255        SH:  5    Dex: 19    Spells: 14/25 levels left

rFire   + . .      SeeInvis +   z - +4 war axe of Beogh {vorpal, rElec Int+4 Stlth+}
rCold   + . .      Faith    .   f - orb {*Rage}
rNeg    . . .      Spirit   .   G - +3 ring mail {rC+}
rPois   .          Reflect  +   p - +2 helmet {SInv}
rElec   +          Harm     .   g - +1 cloak
rCorr   .          Rampage  .   (no gloves)
Will    .....      Rage     20% m - +1 pair of boots
Stlth   +++++.....              a - amulet of Irufehir {Reflect Str+5 Int+4 SH+5}
HPRegen 0.21/turn               w - ring of magical power
MPRegen 0.22/turn               l - +6 ring of dexterity

@: ice-armoured, on berserk cooldown, freezing walls, slowed, unable to drink,
very slow
A: icy blue scales 2, demonic guardian 1, weakness stinger 1, camouflage 1, fire
resistance 1, inability to drink after injury 1
a: Renounce Religion, Stomp, Line Pass, Grand Finale


You were on level 9 of the Dungeon.
You worshipped Uskayaw.
Uskayaw was noncommittal.
You visited 1 branch of the dungeon, and saw 9 of its levels.

You collected 255 gold pieces.

Inventory:

Hand Weapons
 u - a +1 arbalest of flaming
 y - the +1 short sword of the Common Good {freeze, Str+4 Int-2 Stlth+}
   (You took it off an orc on level 3 of the Dungeon)

   It freezes those it strikes, dealing additional cold damage.
   It can also slow down cold-blooded creatures.
   Str:       It affects your strength (+4).
   Int:       It affects your intelligence (-2).
   Stlth:     It makes you more stealthy.
 z - the +4 war axe of Beogh (weapon) {vorpal, rElec Int+4 Stlth+}
   (You found it on level 4 of the Dungeon)

   It inflicts extra damage upon your enemies.
   Int:       It affects your intelligence (+4).
   rElec:     It insulates you from electricity.
   Stlth:     It makes you more stealthy.
Missiles
 d - 24 poisoned darts
 h - a throwing net
Armour
 f - an orb of wrath (worn)
 g - a +1 cloak (worn)
 m - a +1 pair of boots (worn)
 p - a +2 helmet of see invisible (worn)
 G - a +3 ring mail of cold resistance (worn)
Jewellery
 a - the amulet of Irufehir (around neck) {Reflect Str+5 Int+4 SH+5}
   (You found it on level 4 of the Dungeon)

   [amulet of reflection]

   It reflects blocked missile attacks.
   Str:       It affects your strength (+5).
   Int:       It affects your intelligence (+4).
   SH:        It affects your SH (+5).
 l - a +6 ring of dexterity (right hand)
 w - a ring of magical power (left hand)
 E - a ring of fire
Wands
 B - a wand of polymorph (10)
 K - a wand of iceblast (13)
 L - a wand of flame (10)
Scrolls
 c - a scroll of fog {unknown}
 e - 5 scrolls of amnesia {unknown}
 i - 4 scrolls of immolation
 k - 3 scrolls of fear
 o - a scroll of enchant weapon {unknown}
 r - a scroll of blinking
 s - a scroll of brand weapon
 A - 2 scrolls of enchant armour
 H - a scroll of teleportation
 J - a scroll of summoning {unknown}
Potions
 b - 3 potions of magic
 j - 3 potions of curing {unknown}
 n - 3 potions of heal wounds
 q - a potion of haste {unknown}
 t - 2 potions of ambrosia {unknown}
 v - 2 potions of degeneration {unknown}
 x - a potion of attraction {unknown}
 C - a potion of cancellation {unknown}
 F - a potion of mutation
 I - a potion of might {unknown}


   Skills:
 + Level 2.7 Fighting
 + Level 1.5 Short Blades
 + Level 5.5 Axes
 + Level 4.2 Armour
 + Level 3.4 Dodging
 + Level 5.1 Stealth
 + Level 1.8 Shields
 + Level 8.2 Spellcasting
 + Level 0.1 Conjurations
 + Level 7.5 Ice Magic


You had 14 spell levels left.
You knew the following spells:

 Your Spells              Type           Power      Damage    Failure   Level
a - Freeze                Ice            100%       1d11      1%          1
b - Frozen Ramparts       Ice            100%       1d16      1%          3
c - Ozocubu's Armour      Ice            52%        N/A       1%          3
d - Hailstorm             Conj/Ice       33%        3d8       19%         4

Your spell library contained the following spells:

 Spells                   Type           Power      Damage    Failure   Level
 Alistair's Intoxication  Tmut/Pois      7%         N/A       94%         5
 Borgnjor's Vile Clutch   Necr/Erth      5%         N/A       94%         5
 Eringya's Noxious Bog    Tmut/Pois      5%         N/A       100%        6


Dungeon Overview and Level Annotations

Branches:
Dungeon (8/15)             Temple (0/1) D:5
   Lair: D:8-11

Altars:
Dithmenos
Gozag
Qazlal
Ru
Uskayaw
Xom

Shops:
D:6 [


Innate Abilities, Weirdness & Mutations

You are mostly covered in icy blue scales. (AC +3)
A weak demonic guardian rushes to your aid.
You have a small tail.
Your skin changes colour to match your surroundings (Stealth+).
Your flesh is heat resistant. (rF+)
You occasionally lose the ability to drink potions when taking damage.


Message History

Casting: Ozocubu's Armour (safe; 1% risk of failure)
Confirm with . or Enter, or press ? or * to list all spells.
Casting: Frozen Ramparts (safe; 1% risk of failure)
Press: ? - help, Dir - look around, f - activate The walls around you are covered in ice.
The wall freezes the death yak! x2; The death yak gores you!!
Unknown command.
You freeze the death yak!
The death yak is moderately wounded.
The wall freezes the death yak! x2; The death yak gores you!
The wall freezes the death yak.
The death yak gores you but does no damage.
The wall freezes the death yak!
The death yak closely misses you.
Uskayaw prepares the audience for your solo!
You are too injured to fight recklessly!
Unknown command.
The helpless death yak fails to defend itself.
You slash the death yak! You tail-slap the death yak.
The death yak is severely wounded.
The helpless death yak fails to defend itself.
You hit the death yak.
The death yak is no longer paralysed. x2
The wall freezes the death yak!
The death yak gores you!!
You feel threatened and lose the ability to drink potions!
* * * LOW HITPOINT WARNING * * *
The wall freezes the death yak.
The death yak barely misses you.
The wall freezes the death yak.
You block the death yak's attack.
The wall freezes the death yak but does no damage.
The death yak closely misses you.
You barely miss the death yak.
The death yak is severely wounded.
You hit the death yak.
The wall freezes the death yak!
The death yak misses you.
The wall freezes the death yak but does no damage.
The death yak gores you!
* * * LOW HITPOINT WARNING * * *
A demonic guardian appears!
The wall freezes the death yak!
The death yak gores you.
* * * LOW HITPOINT WARNING * * *
The wall freezes the death yak.
The death yak gores you!
You die...

..#....#.................
..#....#...............).
###....#........######.##
..#....#........#........
..#....#........#........
..#....#........#..... .
..#....#.......)#... ...
..#....#........#Y#..#..
..#....#........@Y).....
..#....#..........†.....
..#....#........5.#.....
###....#...>......# ..#.
..#....#........... ..#
..#....#............ .#
..'....#............. #
..#....#..............
..#....#


You could see 2 death yaks and a friendly quasit (summoned).

Vanquished Creatures
  A dancing weapon (D:6)
  A two-headed ogre (D:8)
  A death yak (D:9)
  The ghost of hawla the Zephyrmancer, a novice MeAE of Vehumet (D:7)
  The ghost of hawla the Gusty, an amateur MeAE of Vehumet (D:4)
  A shadow (D:9)
  Sigmund (D:3)
  A wyvern (D:7)
  A basilisk (D:8)
  Menkaure (D:7)
  The ghost of gelatine the Firebug, an amateur DsFE (D:6)
  A water moccasin (D:3)
  2 orc warriors (D:9)
  2 black bears (D:5)
  A sky beast (D:7)
  2 phantoms
  The ghost of Godmorgon the Gusty, an amateur TeAE (D:3)
  A kobold brigand (D:4)
  3 bullfrogs
  2 necrophages (D:6)
  3 scorpions
  4 wights (D:9)
  5 killer bees (D:9)
  A jelly (D:6)
  A gnoll bouda (D:4)
  2 hounds
  3 orc priests
  3 iguanas (D:6)
  Natasha (thrice) (D:4)
  3 orc wizards (D:7)
  5 gnolls (D:4)
  7 adders
  A river rat (D:9)
  A white imp (D:5)
  An ufetubus (D:5)
  3 worms
  A dart slug (D:4)
  27 orcs
  6 endoplasms
  4 giant cockroaches
  5 goblins
  4 hobgoblins
  7 jackals
  11 kobolds
  3 quokkas
  5 ball pythons
  5 bats
  3 frilled lizards
  6 rats
159 creatures vanquished.

Vanquished Creatures (others)
  3 kobolds (D:4)
3 creatures vanquished.

Grand Total: 162 creatures vanquished

Notes
Turn   | Place    | Note
-------+----------+-------------------------------------------
     0 | D:1      | xian the Demonspawn Ice Elementalist began the quest for
                  | the Orb.
     0 | D:1      | Reached XP level 1. HP: 13/13 MP: 3/3
   227 | D:1      | Gained mutation: You are partially covered in icy blue
                  | scales. (AC +2) [demonic ancestry]
   227 | D:1      | Reached XP level 2. HP: 17/19 MP: 1/5
   949 | D:2      | Found a faded altar of an unknown god.
   966 | D:2      | Prayed at the altar of an unknown god.
   966 | D:2      | Became a worshipper of Uskayaw the Reveller
   966 | D:2      | Reached * piety under Uskayaw
  1032 | D:2      | Reached ** piety under Uskayaw
  1041 | D:2      | Reached XP level 3. HP: 23/24 MP: 2/6
  1419 | D:2      | Found an opulent altar of Gozag.
  1681 | D:2      | Learned a level 3 spell: Frozen Ramparts
  2226 | D:3      | Found a runed translucent gate.
  2227 | D:3      | Found a runed translucent gate.
  2246 | D:3      | Found a runed translucent gate.
  2249 | D:3      | Identified the +1 short sword of the Common Good {freeze,
                  | Str+4 Int-2 Stlth+}
  2251 | D:3      | Noticed Godmorgon's ghost (amateur TeAE)
  2497 | D:3      | Noticed a water moccasin
  2505 | D:3      | Killed a water moccasin
  2506 | D:3      | Reached skill level 3 in Spellcasting
  2506 | D:3      | Reached XP level 4. HP: 31/31 MP: 6/8
  2506 | D:3      | Reached XP level 5. HP: 36/36 MP: 6/9
  2560 | D:3      | Noticed Sigmund
  2568 | D:3      | Killed Sigmund
  2569 | D:3      | Reached skill level 1 in Short Blades
  2569 | D:3      | Reached skill level 1 in Armour
  2569 | D:3      | Reached skill level 5 in Ice Magic
  2569 | D:3      | Reached XP level 6. HP: 32/42 MP: 6/11
  2573 | D:3      | Learned a level 3 spell: Ozocubu's Armour
  2578 | D:3      | Learned a level 4 spell: Hailstorm
  2818 | D:3      | Reached *** piety under Uskayaw
  2820 | D:3      | Reached **** piety under Uskayaw
  2821 | D:3      | Killed Godmorgon's ghost
  2822 | D:3      | Reached skill level 4 in Spellcasting
  2932 | D:4      | Noticed Natasha
  2953 | D:4      | Killed Natasha
  2953 | D:4      | Reached ***** piety under Uskayaw
  2982 | D:4      | Noticed Natasha
  2990 | D:4      | Killed Natasha
  3010 | D:4      | Noticed Natasha
  3019 | D:4      | Killed Natasha
  3020 | D:4      | Gained mutation: A weak demonic guardian rushes to your
                  | aid. [demonic ancestry]
  3020 | D:4      | Reached XP level 7. HP: 33/47 MP: 13/13
  3049 | D:4      | Identified the amulet of Irufehir {Reflect Str+5 Int+4
                  | SH+5}
  3119 | D:4      | Identified the +4 war axe of Beogh {vorpal, rElec Int+4
                  | Stlth+}
  3410 | D:4      | Found a runed translucent gate.
  3411 | D:4      | Found a runed translucent gate.
  3412 | D:4      | Found a runed translucent gate.
  3414 | D:4      | Noticed hawla's ghost (amateur MeAE)
  3427 | D:4      | Killed hawla's ghost
  3428 | D:4      | Reached skill level 1 in Fighting
  3428 | D:4      | Reached skill level 1 in Axes
  3428 | D:4      | Reached skill level 5 in Spellcasting
  3510 | D:4      | Found a sacrificial altar of Ru.
  3804 | D:5      | Entered Level 5 of the Dungeon
  3876 | D:5      | Reached XP level 8. HP: 54/54 MP: 15/15
  3907 | D:5      | Found a stormy altar of Qazlal.
  3910 | D:5      | Found a shadowy altar of Dithmenos.
  4131 | D:5      | Reached skill level 1 in Shields
  4252 | D:5      | Found a staircase to the Ecumenical Temple.
  4960 | D:6      | Found Digefoth's Armour Emporium.
  5122 | D:6      | Found a runed translucent door.
  5123 | D:6      | Found a shimmering altar of Xom.
  5123 | D:6      | Noticed gelatine's ghost (amateur DsFE)
  5124 | D:6      | Noticed a +2 mace of chaos
  5148 | D:6      | Killed a +2 mace of chaos
  5149 | D:6      | Reached skill level 6 in Spellcasting
  5149 | D:6      | Gained mutation: You have a small tail. [demonic ancestry]
  5149 | D:6      | Reached XP level 9. HP: 34/62 MP: 18/18
  5149 | D:6      | Killed gelatine's ghost
  5903 | D:7      | Gained mutation: You occasionally lose the ability to drink
                  | potions when taking damage. [potion of mutation]
  5903 | D:7      | Gained mutation: Your flesh is heat resistant. (rF+)
                  | [potion of mutation]
  5903 | D:7      | Gained mutation: Your skin changes colour to match your
                  | surroundings (Stealth+). [potion of mutation]
  5926 | D:7      | Found a runed translucent gate.
  5926 | D:7      | Found a runed translucent gate.
  5929 | D:7      | Found a runed translucent gate.
  5932 | D:7      | Noticed hawla's ghost (novice MeAE)
  5946 | D:7      | Killed hawla's ghost
  6050 | D:7      | Noticed Menkaure
  6059 | D:7      | Killed Menkaure
  6073 | D:8      | Reached skill level 7 in Spellcasting
  6298 | D:8      | Noticed a two-headed ogre
  6305 | D:8      | Killed a two-headed ogre
  6306 | D:8      | Gained mutation: You are mostly covered in icy blue scales.
                  | (AC +3) [demonic ancestry]
  6306 | D:8      | Reached XP level 10. HP: 53/68 MP: 20/21
  6400 | D:8      | You fall into a shaft and drop 1 floor!
  6711 | D:9      | Reached skill level 5 in Axes
  6803 | D:9      | Noticed a death yak
  6812 | D:9      | Reached skill level 8 in Spellcasting
  6824 | D:9      | Noticed a death yak
  6827 | D:9      | Killed a death yak
  6828 | D:9      | Reached skill level 5 in Stealth
  6828 | D:9      | Noticed a death yak
  6834 | D:9      | Reached ****** piety under Uskayaw
  6835 | D:9      | Mangled by a death yak

Illustrated notes

Levels and vault maps discovered:
D:1:      evilmike_arrival_home_sweet_home, layout_loops_ring
D:2:      layout_basic, nicolae_ecumenical_oubliette, basic_altar,
          kennysheep_small_spiral, minmay_misc_feat_diagonals
D:3:      layout_basic, biasface_ghost_orc_armoury, small_statue_intersection,
          uniq_sigmund
D:4:      layout_basic, nicolae_ru_path_of_blood, gammafunk_ghost_nasty_kobolds,
          uniq_natasha
D:5:      layout_basic, mainiacjoe_overflow_catwalk_spiral,
          minmay_temple_entry_junction
D:6:      layout_loops_ring, ebering_ghost_xom, nicolae_stop_n_shop_2
D:7:      layout_basic, ebering_ghost_rock_garden, uniq_menkaure, uniq_joseph
D:8:      layout_loops_corners, chequers_serial_rivers_small_3,
          serial_bayou_lagoon_a, uniq_maurice
D:9:      layout_grid_maze, dpeg_lair_monsters, uniq_maggie

Skill      XL: |  1  2  3  4  5  6  7  8  9 10 |
---------------+-------------------------------+-----
Ice Magic      | 4 5 6 7 |  7.5
Dodging        | 2 3 |  3.4
Stealth        | 2 3 4 5 |  5.1
Spellcasting   | 3 4 5 6 7 8 |  8.2
Short Blades   | 1 |  1.5
Armour         | 1 2 3 4 |  4.2
Fighting       | 1 2 |  2.7
Axes           | 1 4 5 |  5.5
Shields        | 1 |  1.8
Conjurations   | |  0.1

Action                   |  1- 3 |  4- 6 |  7- 9 | 10-12 || total
-------------------------+-------+-------+-------+-------++-------
Melee: Dagger            |    43 |    11 |       |       ||    54
       Unarmed           |     1 |       |       |       ||     1
       Short sword       |       |     2 |       |       ||     2
       War axe           |       |       |   106 |    33 ||   139
       Tailslap          |       |       |     4 |     6 ||    10
 Cast: Freeze            |    55 |    19 |    33 |     7 ||   114
       Frozen Ramparts   |       |     6 |    13 |     5 ||    24
       Ozocubu's Armour  |       |     1 |     8 |     2 ||    11
       Hailstorm         |       |       |     1 |       ||     1
  Use: Scroll            |       |       |     8 |     1 ||     9
       Potion            |       |       |     1 |       ||     1
 Stab: Sleeping          |     3 |       |     7 |       ||    10
       Paralysed         |       |     1 |     3 |     7 ||    11
Armor: Robe              |    10 |       |       |       ||    10
       Leather armour    |    20 |    11 |    21 |       ||    52
       Ring mail         |       |       |    37 |     8 ||    45
Dodge: Dodged            |    62 |    10 |    78 |    22 ||   172
Block: Orb               |       |       |    39 |     6 ||    45
       Reflection        |       |       |     1 |       ||     1
